Map: 블랙핑크 - 래더

Players

Happynaru - Winner!

  • Race: Terran Terran
  • League: Master
  • Spawn Location: 7:00

상큼맛자몽

  • Race: Terran Terran
  • League: Diamond
  • Spawn Location: 1:00

VOD

Have the link to the VOD?

Description

Time

  • Played on: Feb. 19, 2018, 2:48 a.m.
  • Length: 6:42
Show
View Real Time Build Order
Export as new Build Order

Happynaru Terran - Winner!

Build Orders: Reaper Expand 

Get SALT Encoding   

  12  0:01  SCV  
  13  0:13  SCV  
  14  0:18  Supply Depot  
  14  0:25  SCV  
  15  0:39  SCV  
  15  0:41  Barracks  
  16  0:44  Refinery  
  16  0:51  SCV  
  17  1:03  SCV  
  18  1:16  SCV  
  19  1:29  Reaper  
  19  1:31  Orbital Command  
  20  1:42  Command Center  
  20  1:56  SCV  
  21  2:02  Barracks Reactor, Supply Depot  
  21  2:08  SCV  
  22  2:20  SCV  
  23  2:27  Factory  
  23  2:30  Refinery  
  23  2:45  SCV  
  23  2:46  Marine x2  
  26  2:54  Orbital Command  
  26  3:01  SCV  
  26  3:04  Marine x2  
  29  3:11  Factory Tech Lab  
  29  3:12  Starport  
  29  3:13  SCV  
  30  3:21  SCV  
  30  3:22  Marine x2  
  30  3:25  SCV  
  34  3:31  Siege Tank  
  34  3:33  SCV  
  38  3:37  SCV  
  39  3:42  Supply Depot  
  39  3:45  SCV  
  40  3:54  Bunker  
  40  3:57  Marine x2  
  40  3:58  Starport Reactor  
  40  4:00  SCV  
  40  4:01  SCV  
  44  4:04  Siege Tank  
  44  4:09  Supply Depot  
  47  4:13  SCV  
  47  4:15  Marine x2  
  49  4:19  SCV  
  50  4:25  SCV  
  51  4:31  SCV  
  51  4:35  Viking  
  51  4:36  Command Center  
  51  4:38  Viking  
  56  4:43  Marine x2  
  58  4:47  Supply Depot  
  58  4:48  SCV x2  
  59  4:54  Siege Tank  
  62  5:05  Barracks  
  62  5:06  Barracks  
  62  5:07  Engineering Bay  
  62  5:09  Engineering Bay  
  62  5:12  Viking  
  64  5:19  Marine x2  
  64  5:20  Medivac  
  68  5:34  SCV x2  
  70  5:37  Refinery x2  
  70  5:39  Supply Depot  
  70  5:40  Supply Depot  
  70  5:47  Supply Depot  
  70  5:49  Supply Depot, Orbital Command  
  70  5:57  Barracks Tech Lab x2, Medivac  
  70  6:00  Marine x2  
  74  6:08  Siege Tank  
  77  6:12  SCV x2  
Show
View Real Time Build Order
Export as new Build Order

상큼맛자몽 Terran 

Build Orders: Cyclone Opening, Reaper Expand 

Get SALT Encoding   

  12  0:01  SCV  
  13  0:13  SCV  
  14  0:17  Supply Depot  
  14  0:25  SCV  
  14  0:27  Refinery  
  15  0:39  SCV  
  16  0:44  Barracks  
  16  0:51  SCV  
  17  1:03  SCV  
  18  1:17  SCV  
  19  1:31  Orbital Command  
  19  1:32  Reaper  
  20  1:48  Command Center  
  19  1:57  SCV  
  20  2:05  Barracks Reactor  
  20  2:09  SCV  
  20  2:12  Factory  
  21  2:15  Supply Depot  
  21  2:20  Refinery  
  21  2:21  SCV  
  22  2:33  SCV  
  23  2:43  Marine x2  
  24  2:53  SCV  
  24  2:56  Cyclone  
  28  3:02  Marine x2  
  31  3:05  SCV  
  31  3:06  Orbital Command  
  31  3:17  SCV  
  31  3:19  Starport  
  34  3:29  SCV  
  33  3:34  SCV  
  33  3:38  Cyclone  
  33  3:40  Cyclone  
  40  3:42  SCV  
  40  3:48  SCV  
  41  3:51  Barracks Tech Lab  
  41  3:54  SCV  
  42  3:56  Refinery  
  42  3:58  Starport Tech Lab  
  42  4:00  SCV  
  43  4:03  Refinery  
  43  4:04  Supply Depot  
  43  4:10  SCV  
  43  4:15  SCV  
  45  4:18  Command Center  
  45  4:23  Marine  
  46  4:31  Stimpack  
  46  4:32  SCV x2  
  48  4:43  Supply Depot  
  48  4:44  SCV, Marine  
  48  4:45  Siege Tank  
  53  4:58  SCV  
  54  5:04  Viking x2  
  54  5:05  Supply Depot  
  54  5:06  Supply Depot  
  58  5:08  Marine  
  59  5:17  Engineering Bay  
  59  5:18  SCV  
  59  5:21  Engineering Bay  
  60  5:22  SCV  
  60  5:27  Siege Tank  
  64  5:30  SCV  
  66  5:36  SCV  
  66  5:37  Orbital Command  
  66  5:44  SCV  
  66  5:46  Barracks  
  66  5:48  SCV  
  68  5:50  Starport Reactor  
  68  5:58  SCV, Barracks  
  69  6:10  SCV x2  
  69  6:11  SCV  
  67  6:22  SCV  
Tags
 
Add a new tag
Caveats
  • Supply blocks, unpowered buildings, or Contaminate may cause inaccurate times.
  • Supply counts are checked every 10 seconds.